 Dungeon Crawl Stone Soup version 0.31-a0-845-g9abc20d24f (webtiles) character file.

Game seed: 15371300748540465604

5117 BinkBink the Carver (level 10, -5/91 HPs)
             Began as a Minotaur Fighter on Oct 2, 2023.
             Was a Believer of Qazlal.
             Slain by a tengu warrior
             ... wielding a +1 heavy war axe
              (16 damage)
             ... on level 12 of the Dungeon.
             The game lasted 00:15:25 (8600 turns).

BinkBink the Carver (Minotaur Fighter)              Turns: 8600, Time: 00:15:30

Health: -5/91      AC: 14    Str: 22 (24) XL:     10   Next: 32%
Magic:  9/9        EV: 15    Int:  7 (9)  God:    Qazlal [**....]
Gold:   306        SH:  9    Dex: 10 (11) Spells: 9/9 levels left

rFire   + . .        I - +5 falchion (freeze)
rCold   . . .        c - +0 buckler
rNeg    . . .        u - +4 ring mail of the Merchant {rF+ Will+ Int+4}
rPois   .            (helmet restricted)
rElec   .            (no cloak)
rCorr   +            (no gloves)
SInv    .            k - +2 pair of boots
Will    +....        (no amulet) Stlth
                     B - ring of resist corrosion
HPRegen 0.35/turn    E - +5 ring of evasion
MPRegen 0.11/turn

%: no passive effects
@: studying Necromancy
A: horns 2, retaliatory headbutt
a: Renounce Religion, Upheaval


You were on level 12 of the Dungeon.
You worshipped Qazlal.
Qazlal was pleased with you.
You visited 2 branches of the dungeon, and saw 12 of its levels.
You also visited: Sewer.

You collected 306 gold pieces.

Inventory:

Hand Weapons
 I - a +5 falchion of freezing (weapon)
 J - the +3 quarterstaff of Integrity {elec, *Corrode Fragile +Blink Str+5 Dex+2}
   (You found it on level 8 of the Dungeon)

   Str+5:     It affects your strength (+5).
   Dex+2:     It affects your dexterity (+2).
   +Blink:    It lets you blink.
   *Corrode:  It may corrode you when you take damage.
   Fragile:   It will be destroyed if unequipped.
Armour
 c - a +0 buckler (worn)
 k - a +2 pair of boots (worn)
 u - the +4 ring mail of the Merchant (worn) {rF+ Will+ Int+4}
   (You found it on level 3 of the Dungeon)

   Int+4:     It affects your intelligence (+4).
   rF+:       It protects you from fire.
   Will+:     It increases your willpower.
 G - a +0 plate armour
Jewellery
 B - a ring of resist corrosion (left hand)
 D - a ring of protection from cold
 E - a +5 ring of evasion (right hand)
Wands
 b - a wand of acid (11)
 r - a wand of flame (11)
 w - a wand of iceblast (4)
Scrolls
 f - 2 scrolls of immolation
 h - 5 scrolls of fear
 l - 2 scrolls of poison
 m - 2 scrolls of fog
 n - 4 scrolls of amnesia
 q - 3 scrolls of blinking
 s - 5 scrolls of teleportation
 v - a scroll of torment
 y - 3 scrolls of noise
 A - 2 scrolls of vulnerability {unknown}
 C - a scroll of enchant armour {unknown}
 H - a scroll of brand weapon {unknown}
Potions
 d - 2 potions of might
 e - 2 potions of curing
 i - a potion of cancellation {unknown}
 j - a potion of heal wounds {unknown}
 o - 2 potions of brilliance {unknown}
 p - 2 potions of haste {unknown}
 t - 2 potions of magic {unknown}
 x - 2 potions of degeneration
 z - a potion of enlightenment {unknown}
 F - 2 potions of attraction {unknown}


   Skills:
 + Level 9.0 Fighting
 * Level 11.8 Long Blades
 + Level 9.0 Armour
 + Level 9.0 Shields


You had 9 spell levels left.
You didn't know any spells.
Your spell library contained the following spells:

 Spells                   Type           Power      Damage    Failure   Level
 Freeze                   Ice            0%         1d3       63%         1
 Magic Dart               Conj           0%         1d3       63%         1
 Slow                     Hex            0%         N/A       63%         1
 Summon Small Mammal      Summ           0%         N/A       63%         1
 Searing Ray              Conj           0%         2d4       77%         2
 Call Canine Familiar     Summ           0%         N/A       94%         3
 Confusing Touch          Hex            0%         N/A       94%         3
 Frozen Ramparts          Ice            0%         1d1       94%         3
 Hailstorm                Conj/Ice       0%         3d3       94%         3
 Sigil of Binding         Hex            0%         N/A       94%         3
 Summon Guardian Golem    Hex/Summ       0%         N/A       94%         3
 Vampiric Draining        Necr           0%         2d6       94%         3
 Fulminant Prism          Conj/Hex       0%         3d5       100%        4
 Summon Ice Beast         Ice/Summ       0%         N/A       100%        4
 Simulacrum               Ice/Necr       0%         N/A       100%        6


Dungeon Overview and Level Annotations

Branches:
Dungeon (13/15)            Temple (1/1) D:4           Sewer (visited)
   Lair: D:8-11         Orc: D:9-12      Vaults: D:13-14

Altars:
Ashenzari
Cheibriados
Dithmenos
Elyvilon
Fedhas
Hepliaklqana
Kikubaaqudgha
Makhleb
Nemelex Xobeh
Okawaru
Qazlal
Ru
Sif Muna
Trog
Uskayaw
Wu Jian
Xom
Zin
The Shining One

Shops:
D:7 :

Annotations:
D:4 2 transporters, Opifex's ghost, weakling DjIE
D:8 Jeremiah


Innate Abilities, Weirdness & Mutations

You have a pair of horns on your head.
You reflexively headbutt those who attack you in melee.


Message History

Found a stone staircase leading down.
A centaur warrior comes into view.
The centaur warrior shouts!
The centaur warrior wields a +0 shortbow.
The centaur warrior shoots an arrow.
The arrow misses you.
The centaur warrior shoots an arrow.
The arrow hits you!
The centaur warrior shoots an arrow.
You block the arrow.
The centaur warrior shoots an arrow.
The arrow hits you!
The centaur warrior shoots an arrow.
The arrow barely misses you.
There is a stone staircase leading up here.
The centaur warrior shoots an arrow.
You block the arrow.
You climb upwards.
The tengu warrior hits you with a +1 heavy war axe.
You block the tengu warrior's attack. The tengu warrior closely misses you.
There is a stone staircase leading down here.
You closely miss the tengu warrior. The tengu warrior blocks your attack.
Your headbutt misses the tengu warrior.
The tengu warrior hits you with a +1 heavy war axe!!
The tengu warrior pecks you but does no damage.
The tengu warrior barely misses you.
A large slime creature splits.
You hit the tengu warrior. You freeze the tengu warrior.
The tengu warrior is lightly wounded.
You block the slime creature's attack.
You miss the tengu warrior.
The tengu warrior is lightly wounded.
The tengu warrior hits you with a +1 heavy war axe!
The tengu warrior pecks you but does no damage.
The tengu warrior misses you.
The slime creature is engulfed in a thunderstorm.
You block the slime creature's attack.
The slime creature is engulfed in freezing vapours.
The slime creature hits you!
* * * LOW HITPOINT WARNING * * *
It was a potion of degeneration.
There was something very wrong with that liquid.
You feel weakened.
You feel dopey.
You feel clumsy. The slime creature hits you!
* * * LOW HITPOINT WARNING * * *
The tengu warrior hits you with a +1 heavy war axe!
You die...

##...#....J...........
#..########...........
##..# #....J.......
#°.# ##............
##..## #..#..##......
#...J## ##.##..#......
#....J# #..#.......W.
#.....####......Q.....
#.....J@#...####*.....
####..#..JQ...###
......
#.....#.#..##...##
.....
#................#
.....
#.......##..###.....
.... #.....#####..#
.... .... #######
#.... . . ....#..
....# ..


You could see 2 slime creatures and a tengu warrior.

Vanquished Creatures
  Psyche (D:8)
  A tengu conjurer (D:12)
  A troll (D:6)
  A slime creature (D:12)
  2 wraiths
  2 wyverns
  An acid dragon (D:7)
  An orc warrior (D:9)
  An ice beast (D:7)
  A black bear (D:7)
  3 sky beasts
  An ogre (D:5)
  2 centaurs
  2 phantoms
  6 kobold brigands
  5 bullfrogs
  2 scorpions
  8 wights
  6 killer bees (D:7)
  A howler monkey (D:7)
  4 sleepcaps
  2 hounds
  A gnoll bouda (D:8)
  7 orc priests
  4 jellies
  2 iguanas
  3 orc wizards
  5 gnolls (D:8)
  2 river rats (Sewer)
  12 adders
  2 shadow imps
  2 white imps (D:6)
  3 ufetubi
  3 worms (D:2)
  4 dart slugs
  29 orcs
  8 endoplasms
  4 giant cockroaches
  6 hobgoblins
  6 jackals (D:1)
  A quokka (D:3)
  14 ball pythons
  A bat (D:2)
  8 frilled lizards
  11 goblins
  27 kobolds
  22 rats
241 creatures vanquished.

Vanquished Creatures (others)
  An orc wizard (D:9)
1 creature vanquished.

Grand Total: 242 creatures vanquished

Notes
Turn   | Place    | Note
-------+----------+-------------------------------------------
     0 | D:1      | BinkBink the Minotaur Fighter began the quest for the Orb.
     0 | D:1      | Reached XP level 1. HP: 19/19 MP: 0/0
   184 | D:1      | Reached XP level 2. HP: 24/27 MP: 1/1
   317 | D:1      | Reached skill level 3 in Long Blades
   919 | D:1      | Reached XP level 3. HP: 30/33 MP: 2/2
  1326 | D:2      | Found a faded altar of an unknown god.
  1441 | D:2      | Reached XP level 4. HP: 40/40 MP: 3/3
  1700 | D:3      | Reached skill level 4 in Long Blades
  1814 | D:3      | Found a glowing drain.
  1837 | Sewer    | Entered a sewer
  2005 | Sewer    | Reached XP level 5. HP: 46/47 MP: 4/4
  2080 | Sewer    | Reached skill level 5 in Long Blades
  2082 | Sewer    | Reached XP level 6. HP: 32/55 MP: 5/5
  2086 | Sewer    | Reached skill level 5 in Shields
  2107 | Sewer    | Reached skill level 5 in Fighting
  2107 | Sewer    | Reached skill level 5 in Armour
  2275 | D:3      | Identified the +4 ring mail of the Merchant {rF+ Will+
                  | Int+4}
  2903 | D:4      | Reached skill level 6 in Long Blades
  2903 | D:4      | Reached XP level 7. HP: 45/61 MP: 6/6
  3192 | D:4      | Reached skill level 7 in Long Blades
  3282 | D:4      | Found a staircase to the Ecumenical Temple.
  3295 | Temple   | Found a transporter.
  3295 | Temple   | Found a transporter.
  3295 | Temple   | Found a transporter.
  3295 | Temple   | Found a transporter.
  3295 | Temple   | Entered the Ecumenical Temple
  3352 | Temple   | Became a worshipper of Qazlal Stormbringer
  3412 | D:4      | Found a transporter.
  3415 | D:4      | Noticed Opifex's ghost (weakling DjIE)
  3423 | D:4      | Found a transporter.
  3454 | D:4      | Reached XP level 8. HP: 41/70 MP: 7/7
  3818 | D:5      | Entered Level 5 of the Dungeon
  4264 | D:5      | Reached skill level 8 in Long Blades
  4722 | D:6      | Noticed a troll
  4732 | D:6      | Killed a troll
  4969 | D:6      | Reached * piety under Qazlal
  4979 | D:6      | Reached skill level 9 in Long Blades
  5453 | D:6      | Reached XP level 9. HP: 74/79 MP: 8/8
  6056 | D:7      | Noticed a walking earthen tome
  6059 | D:7      | Found Dooss's Book Emporium.
  6061 | D:7      | Noticed a walking crystal tome
  6240 | D:7      | Reached skill level 10 in Long Blades
  7245 | D:8      | Reached ** piety under Qazlal
  7246 | D:8      | Reached skill level 11 in Long Blades
  7269 | D:8      | Noticed Jeremiah
  7311 | D:8      | Noticed Psyche
  7328 | D:8      | Killed Psyche
  7329 | D:8      | Reached XP level 10. HP: 60/88 MP: 9/9
  8098 | D:8      | Identified the +3 quarterstaff of Integrity {elec, *Corrode
                  | Fragile +Blink Str+5 Dex+2}
  8192 | D:8      | Identified a scroll of acquirement
  8194 | D:8      | Acquired a manual of Necromancy
  8354 | D:9      | You fall into a shaft and drop 3 floors!
  8426 | D:12     | Noticed a tengu warrior
  8580 | D:13     | Noticed a centaur warrior
  8600 | D:12     | Slain by a tengu warrior

Illustrated notes

Levels and vault maps discovered:
D:1:      psy_arrival_basics, layout_basic, hangedman_decor_lopped,
          minmay_statues_item
D:2:      layout_rooms, hellmonk_ecumenical_altar_zigzags, hangedman_decor_push
D:3:      layout_loops_ring, gup_sewer_entry_glass
D:4:      layout_gridville, minmay_temple_entry_slanted, gammafunk_ghost_arena,
          kennysheep_nub
D:5:      layout_loops_ring, chequers_serial_rivers_micro_d
D:6:      layout_basic, serial_bayou_pond_e, hangedman_abyss_or_decor_passed
D:7:      layout_basic, serial_shops, nicolae_shop_mannequins
D:8:      layout_basic, uniq_psyche, uniq_jeremiah
D:9:      layout_basic, reono_crystal_passage, uniq_amaemon
D:12:     layout_cave_pools
D:13:     minmay_wizard_corner, layout_rooms, erik_vaults_2,
          dreamdust_princess_bridge, uniq_nessos, uniq_snorg
Temple:   hellmonk_temple_divided_pantheon

Skill      XL: |  1  2  3  4  5  6  7  8  9 10 |
---------------+-------------------------------+-----
Long Blades    | 3 4 5 6 7 9 11 | 11.8
Fighting       | 4 5 6 7 8 9 |  9.0
Armour         | 4 5 6 7 8 9 |  9.0
Shields        | 4 5 6 7 8 9 |  9.0

Action                     |  1- 3 |  4- 6 |  7- 9 | 10-12 || total
---------------------------+-------+-------+-------+-------++-------
  Melee: Long sword        |   115 |   172 |   344 |       ||   631
         Headbutt          |    18 |    24 |    76 |    19 ||   137
         Falchion          |       |       |    75 |   106 ||   181
    Use: Potion            |       |     1 |       |     1 ||     2
         Scroll            |       |       |    12 |     3 ||    15
 Armour: Scale mail        |    75 |   154 |       |       ||   229
         Ring mail         |       |    23 |   272 |    47 ||   342
  Dodge: Dodged            |    37 |   112 |   167 |    41 ||   357
  Block: Buckler           |    25 |    58 |   100 |    32 ||   215

Table legend: (Time is in decaauts)
 A = Elapsed time spent in this place.
 B = Non-inter-level travel time spent in this place.
 C = Inter-level travel time spent in this place.
 D = Time resting spent in this place.
 E = Time spent auto-exploring this place.
 F = Levels seen in this place.
 G = Mean time per level.
                   A        B        C        D        E       F      G
               +--------+--------+--------+--------+--------+-----+--------+
         Total |   8675 |   8371 |    304 |    281 |   6230 |  13 |  667.3 |
       Dungeon |   8139 |   7854 |    285 |    281 |   5882 |  11 |  739.9 |
        Temple |     71 |     52 |     19 |      0 |     45 |   1 |   71.0 |
         Sewer |    463 |    463 |      0 |      0 |    303 |   1 |  463.0 |
               +--------+--------+--------+--------+--------+-----+--------+

Top non-repeatable levels by time:
     D:6: 1340 daAuts
     D:7: 1160 daAuts
     D:1: 1152 daAuts
     D:8: 1004 daAuts
     D:4: 917 daAuts
     D:5: 853 daAuts
     D:3: 814 daAuts
     D:2: 506 daAuts
   Sewer: 463 daAuts
    D:13: 161 daAuts
     D:9: 146 daAuts
    D:12: 82 daAuts
  Temple: 71 daAuts
